 Dungeon Crawl Stone Soup version 0.30-a0-862-g1aabd4f9c5 (webtiles) character file.

Game seed: 11075636938494369765

84 ProzacElf the Sneak (level 4, -3/52 HPs)
             Began as an Armataur Hedge Wizard on Mar 9, 2023.
             Slain by a kobold brigand
             ... wielding a +0 dagger
              (5 damage)
             ... in a sewer.
             The game lasted 00:08:09 (2584 turns).

ProzacElf the Sneak (Armataur Hedge Wizard)         Turns: 2584, Time: 00:08:09

Health: -3/52      AC:  6    Str: 17    XL:     4   Next: 23%
Magic:  7/8        EV:  9    Int: 15    God:
Gold:   92         SH:  0    Dex:  9    Spells: 2/9 levels left

rFire   . . .      SeeInvis .    a - +0 dagger
rCold   . . .      Faith    .    (no shield)
rNeg    . . .      Spirit   .    j - +0 robe
rPois   +          Reflect  .    e - +0 helmet
rElec   .          Roll     +    v - +0 cloak
rCorr   .                        (no gloves)
Will    .....                    (no barding) Stlth
                                 (no amulet)
HPRegen 0.28/turn                g - ring of poison resistance
MPRegen 0.11/turn                (no ring)

@: berserking, very quick
A: large, rugged brown scales 3, deformed body, armoured tail, roll, long
tongue, awkward tongue
a: no special abilities


You were in a sewer.
You visited 1 branch of the dungeon, and saw 3 of its levels.
You also visited: Sewer.

You collected 92 gold pieces.

Inventory:

Hand Weapons
 a - a +0 dagger (weapon)
 b - a +0 whip
Missiles
 o - 5 poisoned darts
 q - 5 stones
Armour
 d - a +0 hat
 e - a +0 helmet (worn)
 j - a +0 robe (worn)
 m - a +0 ring mail
 v - a +0 cloak (worn)
 w - a +0 buckler
Magical Staves
 s - a staff of cold
Jewellery
 g - a ring of poison resistance (left hand)
 h - an amulet of reflection
Scrolls
 f - 4 scrolls of identify {unknown}
 p - a scroll of enchant weapon {unknown}
 r - a scroll of butterflies {unknown}
 x - a scroll of noise {unknown}
Potions
 c - a potion of magic
 l - a potion of heal wounds {unknown}
 n - a potion of lignification {unknown}
 t - a potion of haste {unknown}
 u - a potion of flight {unknown}
 z - a potion of degeneration {unknown}


   Skills:
 - Level 1.3 Dodging
 + Level 3.9 Stealth
 - Level 3.0 Spellcasting
 + Level 2.4 Conjurations
 - Level 0.7 Summonings
 - Level 1.0 Translocations


You had 2 spell levels left.
You knew the following spells:

 Your Spells              Type           Power      Damage    Failure   Level
a - Magic Dart            Conj           36%        1d4       8%          1
b - Call Imp              Summ           4%         N/A       22%         2
c - Cigotuvi's Dreadful   Necr/Pois/Air  4%         N/A       30%         2
o - Blink                 Tloc           10%        N/A       21%         2

Your spell library contained the following spells:

 Spells                   Type           Power      Damage    Failure   Level
 Slow                     Hex            8%         N/A       21%         1
 Sublimation of Blood     Necr           2%         N/A       30%         2
 Gell's Gravitas          Tloc           5%         N/A       36%         3
 Teleport Other           Tloc           5%         N/A       36%         3
 Mephitic Cloud           Conj/Pois/Air  4%         N/A       41%         3
 Petrify                  Tmut/Erth      2%         N/A       89%         4
 Irradiate                Conj/Tmut      2%         3d12      98%         5
 Dispersal                Tloc           2%         N/A       100%        6


Dungeon Overview and Level Annotations

Branches:
Dungeon (3/15)              Sewer (1/1)

Altars:


Innate Abilities, Weirdness & Mutations

You are completely covered in rugged brown scales. (AC +3, +7% HP)
Armour fits poorly on your strangely shaped body.
You have a long armoured tail.
You roll when moving toward enemies. (Rampage)
Your long tongue fully drains potion bottles. (2x potion effects)
Your tongue gives you trouble enunciating. (1.5x scroll delay)


Message History

Ye feel yerself movin' faster!
Ye feel mighty!
Tha kobold brigand closely misses ye.
Tha kobold brigand hits ye but does nay damage.
Ye now haf 15/52hp.
Ye hit tha kobold brigand.
Ye tail-slap tha kobold brigand.
Tha kobold brigand be moderately wounded.
Tha kobold brigand barely misses ye.
Tha kobold brigand hits ye wit' a +0 dagger.
* * * LOW HITPOINT WARNIN'
* * * Ye take 4 damage, an' haf 11/52 hp.
Ye hit tha kobold brigand but do nay damage.
Yer tail-slap misses tha kobold brigand.
Tha kobold brigand be moderately wounded.
Tha kobold brigand barely misses ye.
Tha kobold brigand closely misses ye.
Ye completely miss tha kobold brigand.
Tha kobold brigand be moderately wounded.
Tha kobold brigand hits ye wit' a +0 dagger.
* * * LOW HITPOINT WARNIN'
* * * Tha kobold brigand hits ye but does nay damage.
Ye take 1 damage, an' haf 10/52 hp.
Ye closely miss tha kobold brigand.
Tha kobold brigand be lightly wounded.
Tha kobold brigand hits ye but does nay damage.
Tha kobold brigand hits ye wit' a +0 dagger.
* * * LOW HITPOINT WARNIN'
* * * Ye take 2 damage, an' haf 8/52 hp.
Ye completely miss tha kobold brigand.
Yer tail-slap misses tha kobold brigand.
Ye punch tha kobold brigand.
Tha kobold brigand be lightly wounded.
Ye feel yerself speed up.
Tha kobold brigand hits ye wit' a +0 dagger.
* * * LOW HITPOINT WARNIN'
* * * Tha kobold brigand closely misses ye.
Ye take 6 damage, an' haf 2/52 hp.
Ye hit tha kobold brigand.
Tha kobold brigand be moderately wounded.
Tha kobold brigand misses ye.
Tha kobold brigand hits ye wit' a +0 dagger.
Ye die...

#.....#
##.....#~≈~#~..
#..P...#~≈~~P..
#......#~≈~~~~
#.P.P..#~≈~~~
#......#~≈~#
#....~~#~~~#
#..@~~#~≈~#
##.KKP~~~≈~#
#....~~~~≈~#
###...~#~≈~#
#.)..#~≈~#
##''##~~~#
#....#~≈~#
#...[#~≈~#
#!.∩.#~≈~#


You could see 2 kobold brigands.

Vanquished Creatures
  3 adders (D:3)
  A worm (D:2)
  2 dart slugs (D:2)
  7 ball pythons
  4 endoplasms
  A giant cockroach (D:3)
  3 goblins
  3 hobgoblins
  2 kobolds (D:1)
  A quokka (D:1)
  6 bats
  8 frilled lizards
  9 rats
50 creatures vanquished.

Vanquished Creatures (collateral kills)
  A kobold (Sewer)
1 creature vanquished.

Vanquished Creatures (others)
  A plant (Sewer)
1 creature vanquished.

Grand Total: 52 creatures vanquished

Notes
Turn   | Place    | Note
-------+----------+-------------------------------------------
     0 | D:1      | ProzacElf the Armataur Hedge Wizard began the quest for the
                  | Orb.
     0 | D:1      | Reached XP level 1. HP: 14/14 MP: 4/4
    35 | D:1      | Reached skill level 1 in Conjurations
    88 | D:1      | Found a faded altar of an unknown god.
   212 | D:1      | Reached XP level 2. HP: 17/21 MP: 0/5
  1134 | D:2      | Learned a level 2 spell: Call Imp
  1137 | D:2      | Learned a level 2 spell: Blink
  1140 | D:2      | Learned a level 2 spell: Cigotuvi's Dreadful Rot
  1462 | D:2      | Reached XP level 3. HP: 14/27 MP: 1/7
  2397 | D:3      | Found a glowing drain.
  2435 | D:3      | Reached XP level 4. HP: 31/35 MP: 8/8
  2518 | Sewer    | Entered a sewer
  2555 | Sewer    | Noticed a kobold brigand
  2555 | Sewer    | Noticed a kobold brigand
  2583 | Sewer    | HP: 2/52 [kobold brigand/+0 dagger (6)]
  2584 | Sewer    | Slain by a kobold brigand

Illustrated notes

Levels and vault maps discovered:
D:1:      co_arrival_random_square_maze, layout_basic,
          shapermc_ecumenical_altar_starsandcircs, minmay_misc_feat_five,
          minmay_misc_feat_cross
D:2:      layout_loops_ring
D:3:      layout_loops_ring, gup_sewer_entry_glass, st_stairs_9,
          hangedman_decor_points
Sewer:    kennysheep_pipe_town

Skill      XL: |  1  2  3 |
---------------+----------+-----
Conjurations   | 1 2 |  2.4
Spellcasting   | 3 |  3.0
Stealth        | 3 |  3.9
Dodging        | |  1.3
Summonings     | |  0.7
Translocations | |  1.0

Action                     |  1- 3 |  4- 6 || total
---------------------------+-------+-------++-------
  Melee: Dagger            |   138 |    43 ||   181
         Tailslap          |    11 |     1 ||    12
         Whip              |     3 |       ||     3
         Punch             |       |     1 ||     1
   Cast: Magic Dart        |    58 |     2 ||    60
         Call Imp          |     1 |     1 ||     2
         Blink             |       |     1 ||     1
    Use: Potion            |       |     3 ||     3
   Stab: Sleeping          |     4 |       ||     4
 Armour: Robe              |    57 |    21 ||    78
  Dodge: Dodged            |    65 |    27 ||    92

Table legend: (Time is in decaauts)
 A = Elapsed time spent in this place.
 B = Non-inter-level travel time spent in this place.
 C = Inter-level travel time spent in this place.
 D = Time resting spent in this place.
 E = Time spent auto-exploring this place.
 F = Levels seen in this place.
 G = Mean time per level.
                   A        B        C        D        E       F      G
               +--------+--------+--------+--------+--------+-----+--------+
         Total |   2585 |   2531 |     54 |    705 |   1177 |   4 |  646.2 |
       Dungeon |   2516 |   2462 |     54 |    691 |   1161 |   3 |  838.7 |
         Sewer |     69 |     69 |      0 |     14 |     16 |   1 |   69.0 |
               +--------+--------+--------+--------+--------+-----+--------+

Top non-repeatable levels by time:
     D:1: 1118 daAuts
     D:2: 1029 daAuts
     D:3: 367 daAuts
   Sewer: 69 daAuts
